 Dungeon Crawl Stone Soup version 0.18-a0-1731-g08f49a8 (webtiles) character file.

590 therodimus the Chopper (level 7, -1/56 HPs)
             Began as a Formicid Fighter on Apr 11, 2016.
             Was a Follower of Okawaru.
             Slain by an ogre
             ... wielding a +0 giant club
              (3 damage)
             ... on level 4 of the Dungeon.
             The game lasted 00:04:26 (3256 turns).

therodimus the Chopper (Formicid Fighter)           Turns: 3256, Time: 00:04:27

Health: -1/56      AC: 11    Str: 21    XL:     7   Next: 66%
Magic:  7/7        EV:  4    Int:  7    God:    Okawaru [*.....]
Gold:   107        SH: 10    Dex: 12    Spells: 0 memorised, 6 levels left

rFire  . . .     SeeInvis +     a - +0 war axe
rCold  . . .     Gourm    .     p - +0 plate armour
rNeg   . . .     Faith    .     c - +0 shield
rPois  .         Spirit   .     (helmet unavailable)
rElec  .         Dismiss  .     (no cloak)
rCorr  .         Reflect  .     (no gloves)
SustAt .         Harm     .     (no boots)
MR     .....                    (no amulet)
Stlth  ..........               (no ring)
                                (no ring)

@: not resistant to hostile enchantments, extremely unstealthy
A: permanent stasis, dig shafts and tunnels, four strong arms, antennae 3
a: Dig, Shaft Self, Heroism, Renounce Religion


You were on level 4 of the Dungeon.
You worshipped Okawaru.
Okawaru was aware of your devotion.
You were not hungry.

You visited 1 branch of the dungeon, and saw 4 of its levels.

You collected 172 gold pieces.
You spent 65 gold pieces at shops.

Inventory:

Hand Weapons
 a - a +0 war axe (weapon)
 b - a +0 whip of electrocution
Armour
 c - a +0 shield (worn)
 p - a +0 plate armour (worn)
Jewellery
 v - a +3 ring of slaying {unknown}
Wands
 s - a wand of iceblast (8/15)
Scrolls
 i - a scroll of amnesia
 k - a scroll of fog {unknown}
 u - a scroll of identify {unknown}
Potions
 e - a potion of brilliance {unknown}
 g - a potion of cancellation {unknown}
 h - a potion of haste {unknown}
 l - 2 potions of flight {unknown}
 n - 2 potions of curing
 o - a potion of invisibility {unknown}
 r - a potion of berserk rage {unknown}
 t - a potion of magic {unknown}
Comestibles
 d - 5 chunks of flesh
 f - 5 bread rations
 j - a meat ration
 q - a beef jerky


   Skills:
 + Level 5.6 Fighting
 * Level 6.3 Axes
 - Level 3.2 Armour
 - Level 4.4 Shields


You had 6 spell levels left.
You didn't know any spells.

Dungeon Overview and Level Annotations

Branches:
Dungeon (4/15)
 Temple: D:4-7

Altars:
Nemelex Xobeh
Okawaru
Trog

Shops:
D:4 [!


Innate Abilities, Weirdness & Mutations

You are under a permanent stasis effect.
You can dig through walls and to a lower floor.
Your four strong arms can wield two-handed weapons with a shield.
You have a pair of large antennae on your head (SInv).


Message History

The ogre hits you with a giant club!!
Ouch! That really hurt!
* * * LOW HITPOINT WARNING * * *
You are too injured to fight recklessly!
You are too injured to fight recklessly!
You are too injured to fight recklessly!
You are too injured to fight recklessly!
You are too injured to fight recklessly!
You are too injured to fight recklessly!
You are too injured to fight recklessly!
You are too injured to fight recklessly!
You are too injured to fight recklessly!
You are too injured to fight recklessly!
You are too injured to fight recklessly!
You are too injured to fight recklessly!
You are too injured to fight recklessly!
You hit the ogre but do no damage.
The ogre is severely wounded.
The ogre hits you with a giant club.
You die...

.....###..........#.....
......>.
.......................
........
..o..#...............##.
........
...............###......
........
...............###......
........
........................
...###..
........................
.. #..
.........#####..........
. #.. #####....#
#..@....... ...#..
.........# #..O.......
...... #........#
#.......... .....#
.......... .......#####
..... ...####..#
........# ...# .....
#......... ... .....
#......#.#. .. .....
#......#.#.. .....


You could see an ogre.

Vanquished Creatures
  Grinder (D:3)
  An orc warrior (D:4)
  An ogre (D:4)
  2 orc priests
  An orc wizard (D:4)
  3 gnolls (D:3)
  4 adders
  An ooze (D:1)
  2 dart slugs
  A giant gecko (D:2)
  2 orcs (D:3)
  A ball python (D:2)
  3 giant cockroaches
  8 goblins
  9 hobgoblins
  8 jackals
  12 kobolds
  2 quokkas
  4 bats
  A giant gecko skeleton (D:4)
  3 giant newts
  5 rats
75 creatures vanquished.

Notes
Turn   | Place    | Note
--------------------------------------------------------------
     0 | D:1      | therodimus the Formicid Fighter began the quest for the Orb.
     0 | D:1      | Reached XP level 1. HP: 18/18 MP: 1/1
    67 | D:1      | Reached XP level 2. HP: 24/24 MP: 2/2
   243 | D:1      | Reached XP level 3. HP: 20/29 MP: 3/3
   759 | D:2      | Reached skill level 3 in Axes
  1103 | D:2      | Reached XP level 4. HP: 35/36 MP: 4/4
  1130 | D:2      | Found an iron altar of Okawaru.
  1139 | D:2      | Became a worshipper of Warmaster Okawaru
  1646 | D:2      | Found a bloodstained altar of Trog.
  2080 | D:3      | Reached XP level 5. HP: 30/42 MP: 5/5
  2181 | D:3      | Reached skill level 4 in Axes
  2188 | D:3      | Noticed Grinder
  2207 | D:3      | Killed Grinder
  2207 | D:3      | Reached * piety under Okawaru
  2207 | D:3      | Reached skill level 5 in Axes
  2207 | D:3      | Reached XP level 6. HP: 22/50 MP: 6/6
  2263 | D:3      | Reached skill level 5 in Fighting
  2587 | D:3      | Reached XP level 7. HP: 56/56 MP: 7/7
  2798 | D:4      | Found Tekkil's Distillery.
  2811 | D:4      | Bought a potion of heal wounds for 65 gold pieces
  2863 | D:4      | Found a sparkling altar of Nemelex Xobeh.
  2996 | D:4      | Found Ysion's Armour Emporium.
  3061 | D:4      | Reached skill level 6 in Axes
  3255 | D:4      | HP: 2/56 [ogre/giant club (29)]
  3256 | D:4      | Slain by an ogre

Vault maps used:
D:1:      lemuel_arrival_rhombus
D:2:      okawaru_trees_1, first_bread, bloody_trog
D:3:      uniq_grinder
D:4:      overflow_temple_1_default, marbit_many_paths,
          grunt_temple_overflow_open, minmay_temple_entry_mist, serial_shops,
          nicolae_shop_statue_plus, shop, shop

Skill      XL: |  1  2  3  4  5  6  7 |
---------------+----------------------+-----
Shields        | 4 |  4.4
Axes           | 3 5 6 |  6.3
Fighting       | 4 5 |  5.6
Armour         | |  3.2

Action                   |  1- 3 |  4- 6 |  7- 9 || total
-------------------------+-------+-------+-------++-------
Melee: War axe           |    97 |   162 |    44 ||   303
       Whip              |       |     1 |       ||     1
Invok: Heroism           |       |       |     1 ||     1
  Use: Scroll            |     3 |       |       ||     3
       Potion            |     1 |       |     3 ||     4
  Eat: Meat ration       |       |     1 |       ||     1
       Chunk             |       |     1 |     2 ||     3
